 Dungeon Crawl Stone Soup version 0.31.0-9-g3a7656b989 (webtiles) character file.

Game seed: 3337190980055039384

13058 Querens the Eclecticist (level 11, -3/54 HPs)
             Began as a Deep Elf Conjurer on Jan 27, 2024.
             Was an Elder of Vehumet.
             Shot with a bolt by a kobold blastminer (20 damage)
             ... on level 1 of the Orcish Mines.
             The game lasted 00:39:55 (6409 turns).

Querens the Eclecticist (Deep Elf Conjurer)         Turns: 6409, Time: 00:39:55

Health: -3/54      AC:  9    Str:  4    XL:     11   Next: 70%
Magic:  19/33      EV: 11    Int: 40    God:    Vehumet [****..]
Gold:   629        SH:  5    Dex: 13    Spells: 26/42 levels left

rFire   . . .        t - +1 dagger (elec)
rCold   + + .        g - +0 buckler
rNeg    . . .        H - +1 robe of Laelon Pext {^Drain rC++ Int+6}
rPois   .            u - +2 helmet
rElec   .            T - +0 cloak
rCorr   .            F - +0 pair of gloves
SInv    +            x - +0 pair of boots
Will    +....        P - amulet of magic regeneration
Stlth   ++           q - +6 ring of intelligence
HPRegen 0.29/turn    K - ring of see invisible
MPRegen 0.63/turn

%: no passive effects
@: no status effects
A: no striking features
a: Renounce Religion


You were on level 1 of the Orcish Mines.
You worshipped Vehumet.
Vehumet was greatly pleased with you.
You visited 3 branches of the dungeon, and saw 13 of its levels.

You collected 629 gold pieces.

Inventory:

Hand Weapons
 m - the +1 short sword of Qaexelas {heavy, Dex+3}
   (You found it on level 2 of the Dungeon)

   Dex+3:     It affects your dexterity (+3).
 t - a +1 dagger of electrocution (weapon)
Missiles
 M - 2 throwing nets
Armour
 f - a scarf of shadows
 g - a +0 buckler (worn)
 p - an orb of wrath
 u - a +2 helmet (worn)
 x - a +0 pair of boots (worn)
 F - a +0 pair of gloves (worn)
 H - the +1 robe of Laelon Pext (worn) {^Drain rC++ Int+6}
   (You found it on level 6 of the Dungeon)

   Int+6:     It affects your intelligence (+6).
   rC++:      It greatly protects you from cold.
   ^Drain:    It drains your maximum health when unequipped.
 N - an orb of guile
 O - a +0 troll leather armour
 T - a +0 cloak (worn)
Magical Staves
 L - a staff of death
Jewellery
 q - a +6 ring of intelligence (left hand)
 A - a +6 ring of dexterity
 K - a ring of see invisible (right hand)
 P - an amulet of magic regeneration (around neck)
Talismans
 B - a flux talisman
Wands
 s - a wand of flame (27)
 v - a wand of charming (1)
 y - a wand of roots (29)
 C - a wand of polymorph (16)
 E - a wand of acid (8)
 R - a wand of mindburst (2)
Scrolls
 a - 2 scrolls of revelation
 c - 3 scrolls of enchant armour
 d - 2 scrolls of poison
 i - 5 scrolls of teleportation
 k - a scroll of brand weapon
 o - 2 scrolls of fear
 z - a scroll of fog {unknown}
 I - a scroll of torment {unknown}
 J - 3 scrolls of enchant weapon
 U - a scroll of blinking {unknown}
Potions
 b - a potion of magic
 e - 4 potions of heal wounds
 h - a potion of degeneration {unknown}
 j - a potion of cancellation {unknown}
 l - 3 potions of brilliance
 n - 2 potions of resistance
 r - a potion of might {unknown}
 w - 2 potions of invisibility
 D - 2 potions of lignification {unknown}
 G - 5 potions of curing
 Q - 3 potions of attraction {unknown}
 S - 2 potions of haste {unknown}


   Skills:
 - Level 2.4 Dodging
 - Level 2.4 Stealth
 - Level 6.0 Shields
 + Level 16.0 Spellcasting
 + Level 14.1 Conjurations


You had 26 spell levels left.
You knew the following spells:

 Your Spells              Type           Power      Damage    Failure   Level
a - Magic Dart            Conj           100%       1d8       0%          1
b - Searing Ray           Conj           100%       2d8       0%          2
c - Iskenderun's Mystic   Conj/Tloc      73%        2d15      1%          4
d - Blink                 Tloc           64%        N/A       2%          2
e - Mephitic Cloud        Conj/Alch/Air  63%        N/A       1%          3
f - Fulminant Prism       Conj/Alch      36%        3d17      1%          4

Your spell library contained the following spells:

 Spells                   Type           Power      Damage    Failure   Level
 Olgreb's Toxic Radiance  Alch           32%        N/A       4%          4
 Mercury Vapours          Alch/Air       64%        N/A       1%          2
 Momentum Strike          Conj/Tloc      100%       3d10      1%          2
 Hailstorm                Conj/Ice       73%        3d13      1%          3
 Freezing Cloud           Conj/Ice/Air   31%        6-21      1%          5
 Call Imp                 Summ           64%        N/A       2%          2
 Lesser Beckoning         Tloc           64%        N/A       2%          2
 Call Canine Familiar     Summ           32%        N/A       4%          3
 Sigil of Binding         Hex            32%        N/A       4%          3
 Summon Ice Beast         Ice/Summ       32%        N/A       4%          3
 Anguish                  Hex/Necr       16%        N/A       16%         4
 Cause Fear               Hex            16%        N/A       16%         4
 Dimensional Bullseye     Hex/Tloc       16%        N/A       16%         4
 Sculpt Simulacrum        Ice/Alch       16%        N/A       94%         6
 Enfeeble                 Hex            16%        N/A       100%        7


Dungeon Overview and Level Annotations

Branches:
Dungeon (11/15)            Temple (1/1) D:4            Lair (0/5) D:9
    Orc (1/2) D:11

Altars:
Ashenzari
Cheibriados
Dithmenos
Elyvilon
Fedhas
Gozag
Hepliaklqana
Kikubaaqudgha
Makhleb
Nemelex Xobeh
Okawaru
Qazlal
Ru
Sif Muna
Uskayaw
Vehumet
Wu Jian
Xom
Yredelemnul
The Shining One

Shops:
D:9 **   Orc:1 (

Annotations:
D:8 Gastronok


Message History

Unknown command.
Casting: Iskenderun's Mystic Blast (safe; 1% risk of failure)
Confirm with . or Enter, or press ? or * to list all spells.
You erupt in a blast of force!
The mystic blast hits the orc warrior!!
The orc warrior is severely wounded.
The orc warrior is knocked back by the mystic blast.
The orc warrior slams into the rock wall!
The orc warrior is almost dead.
You hear a shout! x3
Unknown command.
Casting: Iskenderun's Mystic Blast (safe; 1% risk of failure)
Confirm with . or Enter, or press ? or * to list all spells.
You erupt in a blast of force!
The mystic blast hits the orc warrior!
You kill the orc warrior!
Vehumet accepts your kill.
You feel your power returning.
Unknown command.
Unknown command.
An orc warrior and a kobold blastminer come into view.
The orc warrior is wielding a +0 hand axe of freezing.
The kobold blastminer shouts!
You hear a shout!
The kobold blastminer wields a +0 arbalest.
The kobold blastminer shoots a bolt.
The bolt hits you but does no damage.
The orc warrior moves out of view.
Things that are here:
a +0 trident; a +0 ring mail; an orc corpse Unknown command.
Unknown command.
You start resting.
A kobold blastminer is nearby!
Casting: Iskenderun's Mystic Blast (safe; 1% risk of failure)
Confirm with . or Enter, or press ? or * to list all spells.
You erupt in a blast of force!
The mystic blast hits the kobold blastminer!
The kobold blastminer is moderately wounded.
The kobold blastminer is knocked back by the mystic blast.
The kobold blastminer slams into the rock wall!
The kobold blastminer is heavily wounded.
The kobold blastminer shoots a bolt.
The bolt hits you!!
You die...

### ... #.###
.... ## ...##
#.... ##.#....#
....
#.)@##.###..#
#.))#)..#...#
#..#K)K))#..##
########)#...#
...(.#.#..#.##.
8.....∩.<.......
8.(...#...##....
#######...# #
....#


You could see a kobold blastminer.

Vanquished Creatures
  Snorg (D:10)
  A boulder beetle (D:11)
  A two-headed ogre (D:10)
  An orc knight (Orc:1)
  Maurice (D:11)
  An unseen horror (D:11)
  Jeremiah (D:8)
  4 trolls
  2 hornets
  3 shadows (D:11)
  Eustachio (D:6)
  14 yaks
  A wraith (D:10)
  A wyvern (D:10)
  2 wargs (Orc:1)
  A steam dragon (D:8)
  6 vampire mosquitoes
  Menkaure (D:6)
  An acid dragon (D:11)
  5 orc warriors
  3 ice beasts
  3 wolves (D:9)
  A black bear (D:7)
  A sky beast (D:8)
  4 ogres
  7 centaurs
  2 phantoms
  4 kobold brigands
  A gnoll sergeant (D:11)
  5 scorpions
  5 killer bees (D:8)
  2 electric eels
  3 howler monkeys
  2 bombardier beetles
  8 hounds
  8 orc priests
  3 jellies
  A sleepcap (D:7)
  Ijyb (D:5)
  An iguana (D:7)
  7 orc wizards
  A scorpion zombie (D:4)
  2 hound zombies (D:4)
  A hound skeleton (D:4)
  Robin (D:3)
  5 gnolls (D:11)
  5 adders
  A white imp (D:8)
  2 adder skeletons (D:4)
  3 adder zombies (D:4)
  3 ribbon worms
  2 dart slugs
  23 orcs
  6 ball pythons
  7 bats
  3 endoplasms
  2 giant cockroaches
  12 goblins
  7 hobgoblins
  6 jackals
  15 kobolds
  A quokka (D:1)
  2 frilled lizards
  3 rats
234 creatures vanquished.

Notes
Turn   | Place    | Note
-------+----------+-------------------------------------------
     0 | D:1      | Querens the Deep Elf Conjurer began the quest for the Orb.
     0 | D:1      | Reached XP level 1. HP: 10/10 MP: 6/6
   132 | D:1      | Found a faded altar of an unknown god.
   169 | D:1      | Reached XP level 2. HP: 15/15 MP: 4/8
   175 | D:1      | Learned a level 2 spell: Searing Ray
   750 | D:2      | Reached skill level 4 in Spellcasting
   751 | D:2      | Reached skill level 5 in Conjurations
   751 | D:2      | Reached XP level 3. HP: 8/19 MP: 1/10
   889 | D:2      | Identified the +1 short sword of Qaexelas {heavy, Dex+3}
  1327 | D:3      | Reached XP level 4. HP: 24/24 MP: 1/12
  1341 | D:3      | Learned a level 4 spell: Iskenderun's Mystic Blast
  1345 | D:3      | Learned a level 2 spell: Blink
  1411 | D:3      | Noticed Robin
  1415 | D:3      | Reached skill level 5 in Spellcasting
  1421 | D:3      | Killed Robin
  1567 | D:4      | Found a staircase to the Ecumenical Temple.
  1573 | Temple   | Entered the Ecumenical Temple
  1584 | Temple   | Became a worshipper of Vehumet
  1627 | D:4      | Reached XP level 5. HP: 28/28 MP: 4/15
  1800 | D:4      | Reached skill level 6 in Spellcasting
  1832 | D:4      | Reached XP level 6. HP: 28/32 MP: 0/17
  2254 | D:4      | Reached * piety under Vehumet
  2254 | D:4      | Offered knowledge of Foxfire by Vehumet.
  2302 | D:5      | Entered Level 5 of the Dungeon
  2311 | D:5      | Learned a level 3 spell: Mephitic Cloud
  2320 | D:5      | Reached skill level 7 in Spellcasting
  2359 | D:5      | Reached XP level 7. HP: 29/36 MP: 3/20
  2458 | D:5      | Reached skill level 8 in Spellcasting
  2679 | D:5      | Noticed Ijyb
  2687 | D:5      | Killed Ijyb
  2740 | D:6      | Noticed Eustachio
  2749 | D:6      | Killed Eustachio
  2750 | D:6      | Reached skill level 9 in Spellcasting
  2750 | D:6      | Reached XP level 8. HP: 39/41 MP: 8/23
  2773 | D:6      | Identified the +6 plate armour of the Kettle-Drum {rPois}
  2822 | D:6      | Noticed Menkaure
  2826 | D:6      | Killed Menkaure
  2886 | D:6      | Reached skill level 10 in Spellcasting
  2934 | D:6      | Identified the +1 robe of Laelon Pext {^Drain rC++ Int+6}
  2958 | D:6      | Learned a level 4 spell: Fulminant Prism
  3002 | D:6      | Reached ** piety under Vehumet
  3037 | D:6      | Offered knowledge of Static Discharge by Vehumet.
  3330 | D:7      | Reached skill level 10 in Conjurations
  3531 | D:7      | Reached skill level 11 in Spellcasting
  3537 | D:7      | Noticed a hornet
  3541 | D:7      | Killed a hornet
  3542 | D:7      | Reached skill level 1 in Shields
  3542 | D:7      | Reached XP level 9. HP: 45/45 MP: 16/26
  4149 | D:8      | Noticed Jeremiah
  4159 | D:8      | Killed Jeremiah
  4159 | D:8      | Offered knowledge of Hailstorm by Vehumet.
  4160 | D:8      | Reached skill level 12 in Spellcasting
  4167 | D:8      | Noticed Gastronok
  4285 | D:8      | Paralysed by a hornet for 3 turns
  4316 | D:8      | Reached *** piety under Vehumet
  4458 | D:8      | Noticed a troll
  4465 | D:8      | Killed a troll
  4466 | D:8      | Reached XP level 10. HP: 41/50 MP: 16/28
  4860 | D:9      | Offered knowledge of Sticky Flame by Vehumet.
  4891 | D:9      | Found a staircase to the Lair.
  4896 | D:9      | Reached skill level 13 in Spellcasting
  5127 | D:9      | Found Xiuvat's Specific Store.
  5140 | D:9      | Found Wecagh's General Store.
  5369 | D:10     | Entered Level 10 of the Dungeon
  5388 | D:10     | Noticed Snorg
  5398 | D:10     | Reached skill level 5 in Shields
  5404 | D:10     | Killed Snorg
  5512 | D:10     | Noticed a two-headed ogre
  5520 | D:10     | Killed a two-headed ogre
  5529 | D:10     | Reached skill level 14 in Spellcasting
  5665 | D:10     | Reached XP level 11. HP: 44/54 MP: 24/31
  5817 | D:11     | Reached **** piety under Vehumet
  5818 | D:11     | Found a staircase to the Orcish Mines.
  5897 | D:11     | Noticed a boulder beetle
  6081 | D:11     | Noticed Maurice
  6092 | D:11     | Killed Maurice
  6092 | D:11     | Offered knowledge of Olgreb's Toxic Radiance by Vehumet.
  6093 | D:11     | Reached skill level 15 in Spellcasting
  6258 | D:11     | Killed a boulder beetle
  6377 | Orc:1    | Entered Level 1 of the Orcish Mines
  6377 | Orc:1    | Found Doefucou's Firing Range.
  6380 | Orc:1    | Noticed an orc knight
  6392 | Orc:1    | Killed an orc knight
  6396 | Orc:1    | Reached skill level 16 in Spellcasting
  6409 | Orc:1    | Shot with a bolt by a kobold blastminer

Illustrated notes

Levels and vault maps discovered:
D:1:      dpeg_arrival_oval, layout_loops_ring,
          dreamdust_ecumenical_altar_angels_and_demons
D:2:      layout_rooms
D:3:      layout_loops_ring, uniq_robin
D:4:      layout_basic, minmay_temple_entry_statues_pillars, serial_undead,
          serial_undead_d, serial_undead_d, serial_undead_e, serial_undead_b
D:5:      layout_rooms, uniq_ijyb
D:6:      layout_loops_cross, uniq_menkaure, uniq_eustachio
D:7:      layout_basic, hex_intersection, minmay_crystal_water,
          serial_bayou_crossing
D:8:      wad_cavern_with_rooms, layout_loops_ring,
          gammafunk_temple_overflow_pools, chequers_mini_garden, uniq_erica,
          uniq_jeremiah, uniq_gastronok
D:9:      layout_stronghold, erik_lair_island, chequers_serial_rivers_micro_a,
          nicolae_specific_store
D:10:     layout_roguey, uniq_snorg
D:11:     layout_roguey, orc_0_dummy, minivault_14, nicolae_sextant,
          uniq_maurice
Temple:   nicolae_temple_bog_church
Orc:1:    layout_caves, biasface_ghost_orc_armoury, nicolae_shop_firing_range

Skill      XL: |  1  2  3  4  5  6  7  8  9 10 11 |
---------------+----------------------------------+-----
Spellcasting   | 4 5 6 7 9 11 12 14 16 | 16.0
Conjurations   | 5 6 7 8 10 11 12 14 | 14.1
Shields        | 1 4 6 |  6.0
Dodging        | |  2.4
Stealth        | |  2.4

Action                     |  1- 3 |  4- 6 |  7- 9 | 10-12 || total
---------------------------+-------+-------+-------+-------++-------
  Melee: Short sword       |    15 |     1 |       |       ||    16
         Dagger            |       |    45 |    36 |     9 ||    90
         Unarmed           |       |       |       |     4 ||     4
   Cast: Magic Dart        |    33 |     7 |     9 |     3 ||    52
         Searing Ray       |     7 |    16 |    53 |    15 ||    91
         Iskenderun's Myst |       |     2 |    10 |    81 ||    93
         Mephitic Cloud    |       |       |     2 |     2 ||     4
  Evoke: Wand              |       |       |     8 |     6 ||    14
    Use: Scroll            |       |     4 |     3 |     5 ||    12
         Potion            |       |       |       |     3 ||     3
   Stab: Sleeping          |     1 |     2 |     1 |       ||     4
         Distracted        |       |       |     1 |       ||     1
 Armour: Robe              |    14 |    40 |    42 |    82 ||   178
  Dodge: Dodged            |    19 |    56 |    44 |    38 ||   157
  Block: Buckler           |       |       |     9 |    27 ||    36
